 Dungeon Crawl Stone Soup version 0.31-a0-217-g58bb5d79cf (webtiles) character file.

Game seed: 2906246086501423764

5086 qw the Cleaver (level 10, -3/64 HPs)
             Began as a Gargoyle Fighter on July 2, 2023.
             Was a Follower of Okawaru.
             Slain by Erolcha
             ... wielding a +0 giant spiked club
              (26 damage)
             ... on level 9 of the Dungeon.
             The game lasted 00:05:12 (9492 turns).

qw the Cleaver (Gargoyle Fighter)                   Turns: 9492, Time: 00:05:12

Health: -3/64      AC: 25    Str: 23      XL:     10   Next: 57%
Magic:  13/13      EV: 10    Int: 12 (13) God:    Okawaru [*.....]
Gold:   219        SH:  6    Dex:  8      Spells: 9/9 levels left

rFire   . . .        Y - +2 war axe (elec)
rCold   . . .        c - +0 buckler
rNeg    + . .        n - +0 chain mail
rPois   inf          (no helmet)
rElec   +            b - +0 cloak {Will+}
rCorr   .            m - +0 pair of gloves
SInv    .            h - +0 pair of boots
Will    +....        q - amulet of faith Stlth
                     (no ring)
HPRegen 0.30/turn    (no ring)
MPRegen 0.13/turn

%: faith
@: heroic
A: sickness immunity, AC +7, negative energy resistance 1, electricity
resistance, torment resistance 1, petrification resistance, iridescent scales 1,
clever 1, deterioration 1
a: Renounce Religion, Heroism


You were on level 9 of the Dungeon.
You worshipped Okawaru.
Okawaru was aware of your devotion.
You visited 2 branches of the dungeon, and saw 10 of its levels.
You also visited: Ossuary.

You collected 393 gold pieces.
You spent 174 gold pieces at shops.


Innate Abilities, Weirdness & Mutations

You are immune to sickness and miasma.
Your stone body is resilient. (AC +7)
You are immune to poison.
You resist negative energy. (rN+)
You are resistant to electric shocks. (rElec)
You are resistant to unholy torment.
You are immune to petrification.
You are partially covered in iridescent scales. (AC +2)
Your mind is acute. (Int +4, Str/Dex -1)
Your body sometimes deteriorates upon taking damage.


   Skills:
 - Level 8.1(13.1) Fighting
 + Level 10.5(15.5) Axes
 - Level 1.2(6.2) Throwing
 - Level 6.4(11.4) Armour
 - Level 1.3(6.3) Dodging
 - Level 5.1(10.1) Shields
 - Level 4.1 Invocations


You had 9 spell levels left.
You didn't know any spells.
Your spell library was empty.

Inventory:

Hand Weapons
 o - a +0 flail of protection
 Y - a +2 war axe of electrocution (weapon)
Missiles
 p - 5 boomerangs (quivered)
Armour
 b - a +0 cloak of willpower (worn)
 c - a +0 buckler (worn)
 h - a +0 pair of boots (worn)
 m - a +0 pair of gloves (worn)
 n - a +0 chain mail (worn)
 s - a +0 helmet
Jewellery
 q - an amulet of faith (around neck)
Scrolls
 f - a scroll of identify
 k - 4 scrolls of teleportation
Potions
 a - a potion of heal wounds
 d - 5 potions of might
 e - 2 potions of attraction
 g - 2 potions of lignification
 i - a potion of magic
 j - 2 potions of enlightenment
 l - a potion of haste
 r - a potion of curing

Dungeon Overview and Level Annotations

Branches:
Dungeon (9/15)             Temple (1/1) D:4         Ossuary (visited)
   Lair: D:8-11         Orc: D:9-12

Altars:
Ashenzari
Cheibriados
Dithmenos
Elyvilon
Fedhas
Gozag
Hepliaklqana
Kikubaaqudgha
Makhleb
Nemelex Xobeh
Okawaru
Qazlal
Ru
Sif Muna
Vehumet
Wu Jian
Xom
Yredelemnul
Zin

Shops:
D:7 :![   D:8 [

Annotations:
D:4 2 runed translucent doors, qw's ghost, amateur GrFi
D:6 3 runed translucent doors, qw's ghost, novice DEHu; qw's ghost, novice GrFi
D:9 Erolcha


Message History

You slash the centaur!
The centaur is almost dead.
The centaur hits you.
The centaur kicks you but does no damage.
The centaur barely misses you.
The centaur kicks you but does no damage.
You hit the centaur.
You kill the centaur!
Okawaru accepts your kill.
You hit something. You closely miss something. Something hits you!!
Your body deteriorates!
You feel dopey.
You hit something. You slash something! Something hits you but does no damage.
You closely miss something. You closely miss something. Something hits you!
You hit something. You closely miss something.
You hear some strange, mumbled words.
You swing at nothing.
You hear some strange, mumbled words.
A fireball appears from out of thin air!
The fireball explodes!
The fireball engulfs you.
You hear a shout!
You swing at nothing.
You swing at nothing.
You swing at nothing.
You swing at nothing.
You swing at nothing.
You swing at nothing.
You swing at nothing.
You slash something! You block something's attack.
You hit something but do no damage. You closely miss something.
Something hits you!!
You die...

##
####......#
.+
+.........#
##
####...####
##..# ##.#
#.# #.#
######.#
#....@.#
......).##
###.###.#
.. #.# #
#.# #.# ..#
###


There were no monsters in sight!

Vanquished Creatures
  Pikel (D:6)
  Maurice (D:8)
  Joseph (D:9)
  A troll (D:9)
  A wyvern (D:7)
  3 yaks (D:7)
  2 steam dragons
  Menkaure (D:7)
  2 water moccasins
  5 black bears
  An ogre (D:7)
  6 centaurs
  2 phantoms
  A lemure (D:6)
  A kobold brigand (D:8)
  3 bullfrogs
  Blork the orc (D:6)
  4 water moccasin zombies (Ossuary)
  4 scorpions
  A howler monkey (D:7)
  3 hounds
  3 orc priests
  2 jellies
  Jessica (D:3)
  3 iguanas
  4 orc wizards
  2 mummies (Ossuary)
  3 gnolls (D:5)
  3 adders
  2 shadow imps
  A white imp (D:5)
  3 adder zombies (Ossuary)
  2 worms
  2 dart slugs
  23 orcs
  9 bats
  8 endoplasms
  7 giant cockroaches
  5 gnoll zombies (Ossuary)
  10 goblins
  6 hobgoblins
  4 jackals (D:3)
  4 quokkas
  8 ball pythons
  5 frilled lizards
  6 hobgoblin zombies (Ossuary)
  15 kobolds
  2 kobold zombies (Ossuary)
  7 orc zombies (Ossuary)
  5 rats
  2 rat zombies (D:4)
202 creatures vanquished.

Notes
Turn   | Place    | Note
-------+----------+-------------------------------------------
     0 | D:1      | qw the Gargoyle Fighter began the quest for the Orb.
     0 | D:1      | Reached XP level 1. HP: 14/14 MP: 1/1
     0 | D:1      | 0 ||| qw: Version: 0.3-a-40-ge99b1a8
     0 | D:1      | 0 ||| qw: Game counter: 124
     0 | D:1      | 0 ||| qw: Melee chars always use a shield: true
     0 | D:1      | 0 ||| qw: God list: Okawaru
     0 | D:1      | 0 ||| qw: Allow faded altars: false
     0 | D:1      | 0 ||| qw: Do Orc after clearing Dungeon:15 true
     0 | D:1      | 0 ||| qw: Do second Lair branch before Depths: true
     0 | D:1      | 0 ||| qw: Lair rune preference: random
     0 | D:1      | 0 ||| qw: Goals: Normal, Zot:1-4, Slime:5, God:TSO, Crypt,
                  | Tomb, Abyss, Pan, Hells, Win
     0 | D:1      | 0 ||| PLANNING D:1-11
    57 | D:1      | Reached skill level 2 in Axes
   239 | D:1      | Reached XP level 2. HP: 18/19 MP: 2/2
   624 | D:1      | Reached skill level 3 in Axes
   787 | D:1      | Reached XP level 3. HP: 13/23 MP: 3/3
   844 | D:1      | 844 ||| UPGRADING to +0 pair of boots.
   849 | D:1      | 849 ||| READING scroll labelled CAW ZEARURA.
   854 | D:1      | 854 ||| READING 2 scrolls labelled LUYZAUBLUST.
   855 | D:1      | 855 ||| READING scroll labelled VATWOSKU OFYVI.
  1353 | D:2      | 1353 ||| Stepping ~*~*~tactically~*~*~ (stealth).
  1358 | D:2      | 1358 ||| Stepping ~*~*~tactically~*~*~ (stealth).
  1360 | D:2      | 1360 ||| Stepping ~*~*~tactically~*~*~ (stealth).
  1363 | D:2      | 1363 ||| DROPPING +0 club.
  1379 | D:2      | Reached XP level 4. HP: 20/28 MP: 4/4
  1411 | D:2      | 1411 ||| DROPPING +0 whip.
  1427 | D:2      | Found a faded altar of an unknown god.
  1593 | D:2      | 1593 ||| READING scroll labelled GESIGREIKEIK.
  1594 | D:2      | 1594 ||| DRINKING 2 clear potions.
  1705 | D:3      | 1705 ||| Stepping ~*~*~tactically~*~*~ (stealth).
  1706 | D:3      | 1706 ||| Stepping ~*~*~tactically~*~*~ (stealth).
  1774 | D:3      | Reached skill level 4 in Axes
  1777 | D:3      | 1777 ||| Stepping ~*~*~tactically~*~*~ (stealth).
  1827 | D:3      | 1827 ||| DROPPING +0 mace.
  1862 | D:3      | Found a basalt altar of Yredelemnul.
  2033 | D:3      | Noticed Jessica
  2034 | D:3      | 2034 ||| Stepping ~*~*~tactically~*~*~ (stealth).
  2050 | D:3      | 2050 ||| FLEEEEING.
  2055 | D:3      | 2055 ||| FLEEEEING.
  2077 | D:3      | 2077 ||| Stepping ~*~*~tactically~*~*~ (hiding).
  2085 | D:3      | 2085 ||| Stepping ~*~*~tactically~*~*~ (hiding).
  2090 | D:3      | Killed Jessica
  2091 | D:3      | Reached XP level 5. HP: 32/32 MP: 5/5
  2244 | D:3      | Noticed a black bear
  2256 | D:3      | Killed a black bear
  2257 | D:3      | Reached skill level 5 in Axes
  2570 | D:3      | 2570 ||| Stepping ~*~*~tactically~*~*~ (hiding).
  2572 | D:3      | 2572 ||| Stepping ~*~*~tactically~*~*~ (stealth).
  2575 | D:3      | 2575 ||| Stepping ~*~*~tactically~*~*~ (stealth).
  2655 | D:3      | 2655 ||| UPGRADING to +0 pair of gloves.
  2660 | D:3      | 2660 ||| READING scroll labelled GOAWEDAINUMM.
  2661 | D:3      | 2661 ||| READING scroll labelled YTAMMA QUORUNE.
  2662 | D:3      | 2662 ||| DRINKING 2 red potions.
  2663 | D:3      | 2663 ||| READING 4 scrolls of identify.
  2663 | D:3      | 2663 ||| IDENTIFYING sapphire potion
  2664 | D:3      | 2664 ||| READING 3 scrolls of identify.
  2664 | D:3      | 2664 ||| IDENTIFYING ruby potion
  2665 | D:3      | 2665 ||| DROPPING potion of degeneration.
  2683 | D:4      | 2683 ||| PLANNING OSSUARY
  2693 | D:4      | Found a sand-covered staircase.
  2705 | Ossuary  | Entered an ossuary
  2729 | Ossuary  | Reached XP level 6. HP: 36/37 MP: 6/6
  2802 | Ossuary  | Reached skill level 1 in Dodging
  2909 | Ossuary  | Reached skill level 6 in Axes
  2909 | Ossuary  | Reached XP level 7. HP: 43/44 MP: 7/7
  2988 | Ossuary  | 2988 ||| DRINKING 2 amethyst potions.
  2989 | Ossuary  | 2989 ||| DRINKING 2 murky emerald potions.
  3034 | Ossuary  | 3034 ||| DRINKING 2 bubbling cyan potions.
  3034 | Ossuary  | Gained mutation: You are vulnerable to cold. (rC-) [potion
                  | of mutation]
  3034 | Ossuary  | Gained mutation: Your spells are a little harder to cast,
                  | but a little more powerful. [potion of mutation]
  3034 | Ossuary  | Gained mutation: You passively map a small area around you.
                  | [potion of mutation]
  3035 | Ossuary  | 3035 ||| DRINKING potion of mutation.
  3035 | Ossuary  | Lost mutation: You passively map a small area around you.
                  | [potion of mutation]
  3035 | Ossuary  | Lost mutation: Your spells are a little harder to cast, but
                  | a little more powerful. [potion of mutation]
  3035 | Ossuary  | Lost mutation: You are vulnerable to cold. (rC-) [potion of
                  | mutation]
  3035 | Ossuary  | Gained mutation: You are occasionally teleported next to
                  | monsters. [potion of mutation]
  3035 | Ossuary  | Gained mutation: You are strong-willed. (Will+) [potion of
                  | mutation]
  3036 | Ossuary  | 3036 ||| READING 3 scrolls of identify.
  3036 | Ossuary  | 3036 ||| IDENTIFYING green potion
  3037 | Ossuary  | 3037 ||| DROPPING potion of ambrosia.
  3045 | D:4      | 3045 ||| PLANNING D:1-11
  3059 | D:4      | 3059 ||| Stepping ~*~*~tactically~*~*~ (stealth).
  3072 | D:4      | 3072 ||| Stepping ~*~*~tactically~*~*~ (stealth).
  3074 | D:4      | 3074 ||| Stepping ~*~*~tactically~*~*~ (stealth).
  3080 | D:4      | 3080 ||| Stepping ~*~*~tactically~*~*~ (stealth).
  3101 | D:4      | Found a runed translucent door.
  3120 | D:4      | 3120 ||| Stepping ~*~*~tactically~*~*~ (stealth).
  3132 | D:4      | Found a runed translucent door.
  3133 | D:4      | Noticed qw's ghost (amateur GrFi)
  3180 | D:4      | 3180 ||| DRINKING potion of mutation.
  3180 | D:4      | Lost mutation: You are strong-willed. (Will+) [potion of
                  | mutation]
  3180 | D:4      | Lost mutation: You are occasionally teleported next to
                  | monsters. [potion of mutation]
  3180 | D:4      | Gained mutation: Your mind is acute. (Int +4, Str/Dex -1)
                  | [potion of mutation]
  3180 | D:4      | Gained mutation: Your body sometimes deteriorates upon
                  | taking damage. [potion of mutation]
  3180 | D:4      | Gained mutation: You are partially covered in iridescent
                  | scales. (AC +2) [potion of mutation]
  3448 | D:4      | Reached skill level 7 in Axes
  3480 | D:4      | 3480 ||| Stepping ~*~*~tactically~*~*~ (hiding).
  3481 | D:4      | 3481 ||| Stepping ~*~*~tactically~*~*~ (hiding).
  3601 | D:4      | Found a staircase to the Ecumenical Temple.
  3602 | D:4      | 3602 ||| PLANNING TEMPLE
  3602 | D:4      | 3602 ||| UPGRADING to +0 chain mail.
  3612 | D:4      | 3612 ||| DROPPING +0 scale mail.
  3613 | D:4      | 3613 ||| READING 2 scrolls of identify.
  3613 | D:4      | 3613 ||| IDENTIFYING fuming grey potion
  3619 | Temple   | Entered the Ecumenical Temple
  3664 | Temple   | 3664 ||| PLANNING OKAWARU WORSHIP
  3802 | Temple   | Became a worshipper of Warmaster Okawaru
  3803 | Temple   | 3803 ||| PLANNING D:1-11
  4053 | D:5      | Entered Level 5 of the Dungeon
  4383 | D:5      | Reached XP level 8. HP: 50/50 MP: 8/8
  4385 | D:5      | 4385 ||| DROPPING +0 flail.
  4480 | D:5      | Found a snail-covered altar of Cheibriados.
  4494 | D:5      | 4494 ||| Stepping ~*~*~tactically~*~*~ (water).
  4728 | D:5      | Reached skill level 1 in Throwing
  4840 | D:5      | Reached * piety under Okawaru
  4841 | D:5      | Reached skill level 8 in Axes
  5105 | D:5      | 5105 ||| UPGRADING to amulet of faith.
  5110 | D:5      | 5110 ||| READING scroll labelled GEUPPUD PUUF.
  5310 | D:6      | 5310 ||| Stepping ~*~*~tactically~*~*~ (stealth).
  5311 | D:6      | Noticed Blork the orc
  5312 | D:6      | 5312 ||| INVOKING Heroism.
  5319 | D:6      | Reached skill level 1 in Invocations
  5327 | D:6      | 5327 ||| INVOKING Heroism.
  5329 | D:6      | Killed Blork the orc
  5412 | D:6      | Noticed Pikel
  5412 | D:6      | 5412 ||| Stepping ~*~*~tactically~*~*~ (stealth).
  5414 | D:6      | 5414 ||| INVOKING Heroism.
  5429 | D:6      | 5429 ||| INVOKING Heroism.
  5434 | D:6      | Killed Pikel
  5435 | D:6      | Reached skill level 6 in Fighting
  5435 | D:6      | Reached XP level 9. HP: 29/56 MP: 7/12
  5479 | D:6      | 5479 ||| FLEEEEING.
  5480 | D:6      | 5480 ||| FLEEEEING.
  5485 | D:6      | 5485 ||| STAIRDANCE
  5525 | D:5      | 5525 ||| READING 2 scrolls labelled LEINES HINAPS.
  5526 | D:5      | 5526 ||| READING 2 scrolls of identify.
  5526 | D:5      | 5526 ||| IDENTIFYING white potion
  5527 | D:5      | 5527 ||| DROPPING scroll of fear.
  5570 | D:6      | Found a glowing silver altar of Zin.
  5570 | D:6      | Noticed an angel
  5587 | D:6      | Found a runed translucent gate.
  5587 | D:6      | Found a runed translucent gate.
  5587 | D:6      | Found a runed translucent gate.
  5591 | D:6      | Noticed qw's ghost (novice DEHu)
  5591 | D:6      | Noticed qw's ghost (novice GrFi)
  5635 | D:6      | Reached ** piety under Okawaru
  5914 | D:6      | 5914 ||| READING scroll labelled ODOTETHR TIQEIV.
  5970 | D:7      | 5970 ||| INVOKING Heroism.
  6067 | D:7      | Reached skill level 9 in Axes
  6209 | D:7      | Noticed Menkaure
  6210 | D:7      | 6210 ||| INVOKING Heroism.
  6220 | D:7      | Killed Menkaure
  6326 | D:7      | 6326 ||| Stepping ~*~*~tactically~*~*~ (stealth).
  6327 | D:7      | 6327 ||| Stepping ~*~*~tactically~*~*~ (stealth).
  6330 | D:7      | 6330 ||| Stepping ~*~*~tactically~*~*~ (stealth).
  6372 | D:7      | Found Biot's Armour Shop.
  6381 | D:7      | 6381 ||| BUYING +0 cloak (54 gold).
  6381 | D:7      | Bought a +0 cloak for 54 gold pieces
  6510 | D:7      | 6510 ||| INVOKING Heroism.
  6616 | D:7      | Found Zuly's Book Shop.
  6678 | D:7      | 6678 ||| INVOKING Heroism.
  6686 | D:7      | Reached XP level 10. HP: 55/63 MP: 10/13
  6696 | D:7      | Reached skill level 10 in Axes
  6714 | D:7      | Found Qeady's Distillery.
  6719 | D:7      | 6719 ||| BUYING potion of heal wounds (75 gold).
  6719 | D:7      | Bought a potion of heal wounds for 75 gold pieces
  6719 | D:7      | 6719 ||| BUYING potion of lignification (45 gold).
  6719 | D:7      | Bought a potion of lignification for 45 gold pieces
  6719 | D:7      | 6719 ||| SHOPLISTING potion of mutation (120 gold, have
                  | 87).
  6934 | D:7      | 6934 ||| Stepping ~*~*~tactically~*~*~ (hiding).
  6942 | D:7      | 6942 ||| Stepping ~*~*~tactically~*~*~ (hiding).
  6948 | D:7      | 6948 ||| Stepping ~*~*~tactically~*~*~ (hiding).
  7251 | D:7      | 7251 ||| UPGRADING to +0 cloak.
  7256 | D:7      | 7256 ||| READING scroll labelled YWAEPIMOUSK.
  7289 | D:8      | 7289 ||| Stepping ~*~*~tactically~*~*~ (stealth).
  7291 | D:8      | 7291 ||| Stepping ~*~*~tactically~*~*~ (stealth).
  7292 | D:8      | 7292 ||| Stepping ~*~*~tactically~*~*~ (stealth).
  7293 | D:8      | 7293 ||| FLEEEEING.
  7294 | D:8      | 7294 ||| STAIRDANCE
  7368 | D:8      | Noticed an animated plate armour
  7371 | D:8      | Found Komyn's Armour Shop.
  7373 | D:8      | Noticed an animated plate armour
  7383 | D:8      | 7383 ||| SHOPLISTING +1 ring mail of fire resistance (208
                  | gold, have 120).
  7383 | D:8      | 7383 ||| SHOPLISTING +4 pearl dragon scales of Cufujiw
                  | {Rampage rN+ Will+} (1582 gold, have 120).
  7383 | D:8      | 7383 ||| SHOPLISTING +8 ice dragon scales of Egalitarianism
                  | {rF- rC++ Str+2} (1401 gold, have 120).
  7521 | D:8      | Noticed Maurice
  7548 | D:8      | HP: 8/63 [something/iceblast (18)]
  7557 | D:8      | HP: 9/63 [something (2)]
  7566 | D:8      | HP: 7/63 [something (5)]
  7569 | D:8      | Killed Maurice
  7570 | D:8      | Reached skill level 6 in Armour
  7779 | D:8      | 7779 ||| READING scroll of enchant weapon.
  7779 | D:8      | 7779 ||| ENCHANTING +1 war axe of electrocution.
  7781 | D:8      | Found a shimmering altar of Xom.
  7816 | D:8      | Noticed an ice statue
  7833 | D:8      | 7833 ||| INVOKING Heroism.
  7834 | D:8      | 7834 ||| UPGRADING to +0 cloak of willpower.
  7850 | D:8      | 7850 ||| UPGRADING to +0 cloak of willpower.
  7855 | D:8      | 7855 ||| INVOKING Heroism.
  7874 | D:8      | 7874 ||| DROPPING +0 cloak.
  7875 | D:8      | 7875 ||| INVOKING Heroism.
  7899 | D:8      | 7899 ||| INVOKING Heroism.
  7916 | D:8      | 7916 ||| FLEEEEING.
  7917 | D:8      | 7917 ||| FLEEEEING.
  7918 | D:8      | 7918 ||| FLEEEEING.
  7919 | D:8      | 7919 ||| INVOKING Heroism.
  7924 | D:8      | 7924 ||| Stepping ~*~*~tactically~*~*~ (cloud).
  7925 | D:8      | HP: 13/64 [steam dragon] (5)]
  7926 | D:8      | 7926 ||| READING 5 scrolls of teleportation.
  7927 | D:8      | 7927 ||| DRINKING 2 potions of heal wounds.
  8008 | D:8      | 8008 ||| Stepping ~*~*~tactically~*~*~ (hiding).
  8039 | D:8      | Found a shimmering blue altar of Sif Muna.
  8174 | D:8      | 8174 ||| INVOKING Heroism.
  8189 | D:8      | 8189 ||| Stepping ~*~*~tactically~*~*~ (stealth).
  8209 | D:8      | 8209 ||| INVOKING Heroism.
  8210 | D:8      | 8210 ||| Stepping ~*~*~tactically~*~*~ (cloud).
  8339 | D:8      | 8339 ||| INVOKING Heroism.
  8407 | D:8      | 8407 ||| INVOKING Heroism.
  8429 | D:8      | 8429 ||| INVOKING Heroism.
  8520 | D:8      | 8520 ||| INVOKING Heroism.
  8954 | D:9      | Noticed Joseph
  8955 | D:9      | 8955 ||| Stepping ~*~*~tactically~*~*~ (hiding).
  8969 | D:9      | 8969 ||| INVOKING Heroism.
  8974 | D:9      | Killed Joseph
  9344 | D:9      | 9344 ||| Stepping ~*~*~tactically~*~*~ (stealth).
  9346 | D:9      | 9346 ||| Stepping ~*~*~tactically~*~*~ (stealth).
  9352 | D:9      | 9352 ||| Stepping ~*~*~tactically~*~*~ (hiding).
  9353 | D:9      | 9353 ||| Stepping ~*~*~tactically~*~*~ (hiding).
  9356 | D:9      | 9356 ||| Stepping ~*~*~tactically~*~*~ (hiding).
  9357 | D:9      | 9357 ||| Stepping ~*~*~tactically~*~*~ (hiding).
  9465 | D:9      | Noticed Erolcha
  9466 | D:9      | 9466 ||| Stepping ~*~*~tactically~*~*~ (hiding).
  9467 | D:9      | 9467 ||| INVOKING Heroism.
  9492 | D:9      | Slain by Erolcha

Levels and vault maps discovered:
D:1:      ebering_trefoil_twist, layout_basic, dreamdust_princess_bridge
D:2:      layout_basic, hellmonk_ecumenical_altar_defaced_shrine,
          roderic_serpentine_path
D:3:      minmay_angry_zag, layout_basic, yredelemnul_altar_generic,
          minmay_misc_feat_roman, uniq_jessica
D:4:      layout_basic, minmay_temple_entry_fiery, ebering_ghost_sewer_f,
          enter_ossuary_4, hangedman_decor_points, wad_floor_pattern_untrapped,
          st_stairs_14, kennysheep_generic_room_14
D:5:      layout_gridville, kennysheep_slug_shrine, minivault_4,
          nrook_loot_triangle, hellmonk_bongcloud_opening,
          roderic_roman_lattice, serial_bayou_lagoon_a, corexii_corridor_pit
D:6:      layout_gridville, zin_angel, gammafunk_ghost_cemetery, uniq_pikel,
          uniq_blork_the_orc
D:7:      layout_loops_corners, serial_shops, shop, nicolae_book_shop_shelving,
          shop, enter_bailey_5, uniq_menkaure
D:8:      cheibrodos_frozen_isle, layout_basic, mainiacjoe_overflow_24_doors,
          dk_xom_monty_hall, serial_shops, nicolae_shop_mannequins, uniq_maurice
D:9:      layout_loops_corners, amethyst_killhole,
          hangedman_abyss_or_decor_passed, uniq_joseph, uniq_erolcha
Temple:   nicolae_temple_bog_church

Skill      XL: |  1  2  3  4  5  6  7  8  9 10 |
---------------+-------------------------------+-----
Axes           | 2 3 4 5 6 7 8 9 10 | 10.5
Fighting       | 4 5 6 7 8 |  8.1
Dodging        | 1 |  1.3
Throwing       | 1 |  1.2
Armour         | 4 5 6 |  6.4
Invocations    | 4 |  4.1
Shields        | 4 5 |  5.1

Action                     |  1- 3 |  4- 6 |  7- 9 | 10-12 || total
---------------------------+-------+-------+-------+-------++-------
  Melee: War axe           |   150 |   196 |   309 |   144 ||   799
  Throw: Boomerang         |       |       |    35 |    19 ||    54
 Invoke: Heroism           |       |       |     8 |    13 ||    21
    Use: Scroll            |     3 |     5 |     6 |     3 ||    17
         Potion            |       |     2 |     5 |     1 ||     8
 Armour: Scale mail        |    83 |   114 |    23 |       ||   220
         Chain mail        |       |       |   173 |   118 ||   291
  Dodge: Dodged            |    81 |    69 |   119 |    43 ||   312
  Block: Buckler           |    31 |    27 |    57 |    25 ||   140

Table legend:
 A = Non-vault XP
 B = Vault XP
 C = Vault XP percentage of total XP
 D = Non-vault monster count
 E = Vault monster count
 F = Vault count percentage of total count
                 A         B        C        D         E       F
            +---------+---------+-------+---------+---------+-------
      Total |    5016 |    2251 |  31.0 |     146 |      55 |  27.4
            +---------+---------+-------+---------+---------+-------
        D:1 |      35 |       0 |   0.0 |      21 |       0 |   0.0
        D:2 |      34 |      15 |  30.6 |      15 |       5 |  25.0
        D:3 |     184 |      41 |  18.2 |      27 |       4 |  12.9
        D:4 |     286 |      19 |   6.2 |      23 |       5 |  17.9
        D:5 |     820 |       4 |   0.5 |      14 |       1 |   6.7
        D:6 |     511 |     763 |  59.9 |       5 |       2 |  28.6
        D:7 |    1599 |     165 |   9.4 |      13 |       5 |  27.8
        D:8 |     822 |     409 |  33.2 |      23 |       3 |  11.5
        D:9 |     725 |     450 |  38.3 |       5 |       1 |  16.7
    Ossuary |       0 |     385 | 100.0 |       0 |      29 | 100.0
            +---------+---------+-------+---------+---------+-------
